Map: Ley Lines

Players

아트

  • Race: Zerg Zerg
  • League: Diamond
  • Spawn Location: 7:00

Ateshi - Winner!

  • Race: Protoss Protoss
  • Spawn Location: 1:00

VOD

Have the link to the VOD?

Description

Time

  • Played on: Feb. 2, 2025, 1:49 p.m.
  • Length: 8:42
Show
View Real Time Build Order
Export as new Build Order

아트 Zerg 

Build Orders: Hatch First 

Get SALT Encoding   

  12  0:00  Drone  
  13  0:07  Drone  
  14  0:16  Overlord  
  14  0:34  Drone x3  
  17  0:49  Hatchery  
  16  0:53  Drone  
  18  0:57  Drone  
  18  1:03  Extractor  
  17  1:13  Spawning Pool  
  17  1:15  Drone  
  17  1:20  Drone  
  18  1:28  Drone  
  19  1:41  Drone  
  20  1:50  Drone  
  21  2:01  Drone x2, Queen  
  21  2:02  Queen  
  27  2:08  Metabolic Boost  
  27  2:13  Drone  
  28  2:20  Overlord  
  28  2:41  Drone  
  28  2:42  Drone x3  
  28  2:43  Drone  
  33  2:46  Drone  
  34  2:54  Drone  
  34  2:55  Drone  
  36  3:02  Hatchery  
  34  3:06  Zergling x4  
  36  3:17  Overlord  
  36  3:34  Zergling x2  
  36  3:35  Overlord, Queen x2, Drone  
  36  3:36  Drone  
  36  3:37  Drone x2  
  44  3:41  Overlord  
  44  3:53  Overlord, Drone  
  44  3:54  Drone x2  
  47  3:59  Overlord  
  47  4:00  Extractor  
  47  4:01  Drone  
  47  4:05  Extractor  
  47  4:09  Drone  
  47  4:11  Drone  
  47  4:13  Lair  
  47  4:16  Drone  
  47  4:17  Drone x3, Queen  
  51  4:20  Queen  
  51  4:22  Drone  
  57  4:27  Drone x2  
  57  4:29  Drone  
  60  4:34  Spore Crawler  
  60  4:35  Zergling x6  
  60  4:36  Zergling x2  
  60  4:37  Zergling x2  
  64  4:43  Drone  
  64  4:44  Drone x2  
  67  4:46  Drone  
  67  4:50  Overlord x2  
  68  4:54  Extractor  
  68  4:57  Overlord x2  
  67  5:08  Overlord x3  
  67  5:12  Hydralisk Den  
  66  5:19  Overlord x4  
  66  5:21  Drone x2  
  68  5:22  Extractor  
  68  5:26  Zergling x4  
  68  5:27  Zergling x2  
  69  5:43  Hydralisk  
  69  5:44  Hydralisk x4  
  78  5:52  Drone x3  
  78  5:53  Drone x2  
  81  6:03  Hatchery  
  78  6:05  Drone x2  
  78  6:07  Drone  
  78  6:08  Drone x3  
  78  6:10  Zergling x2, Extractor  
  86  6:11  Zergling x4  
  86  6:16  Zergling x4  
  87  6:23  Muscular Augments, Drone  
  87  6:24  Drone x3  
  87  6:25  Drone x2  
  91  6:32  Drone  
  89  6:33  Drone x2  
  90  6:44  Drone x3  
  90  6:46  Drone  
  90  6:47  Drone x2  
  94  6:48  Drone  
  94  6:52  Drone x2  
  94  6:53  Baneling Nest  
  93  6:57  Drone  
  91  7:05  Zergling x4  
  91  7:08  Zergling x2  
  92  7:11  Hydralisk x2  
  92  7:12  Pneumatized Carapace  
  81  7:18  Hydralisk  
  81  7:21  Hydralisk  
  81  7:22  Hydralisk x3  
  84  7:28  Hydralisk x2  
  84  7:29  Hydralisk  
  93  7:37  Hydralisk  
  93  7:43  Hydralisk  
  98  7:45  Baneling  
  98  7:47  Baneling x2  
  98  7:49  Baneling  
  98  7:50  Baneling x5  
  95  7:56  Hydralisk  
  90  8:14  Hydralisk  
  90  8:15  Hydralisk  
Show
View Real Time Build Order
Export as new Build Order

Ateshi Protoss - Winner!

Build Orders: 1 Gate Expand 

Get SALT Encoding   

  12  0:00  Probe  
  13  0:12  Probe  
  14  0:19  Pylon  
  14  0:24  Probe  
  15  0:34  Probe  
  15  0:38  Gateway  
  15  0:42  Probe  
  16  0:48  Assimilator  
  17  0:51  Probe  
  18  1:04  Probe  
  19  1:16  Probe  
  20  1:24  Nexus  
  20  1:36  Cybernetics Core  
  20  1:38  Probe  
  21  1:47  Assimilator  
  21  1:50  Probe  
  22  1:54  Pylon  
  22  2:02  Probe  
  22  2:04  Adept  
  25  2:16  Stargate  
  25  2:18  Probe  
  26  2:25  Warp Gate  
  26  2:30  Probe  
  26  2:32  Adept  
  26  2:36  Probe  
  30  2:42  Probe  
  31  2:49  Probe  
  32  2:54  Probe  
  33  3:01  Probe  
  33  3:02  Void Ray  
  34  3:07  Probe  
  34  3:12  Probe  
  39  3:17  Probe  
  39  3:18  Pylon  
  41  3:20  Probe  
  41  3:26  Probe  
  42  3:28  Probe  
  42  3:29  Gateway  
  44  3:35  Probe  
  44  3:39  Probe  
  46  3:45  Fleet Beacon  
  46  3:53  Probe x2  
  46  3:54  Assimilator  
  48  3:56  Assimilator  
  48  4:01  Pylon  
  48  4:05  Pylon  
  48  4:06  Probe x2  
  50  4:14  Pylon  
  50  4:16  Forge  
  50  4:18  Tempest  
  50  4:25  Probe x2  
  50  4:30  Protoss Ground Weapons Level 1  
  56  4:33  Twilight Council  
  56  4:54  Tempest  
  56  4:56  Gateway  
  56  4:57  Gateway  
  56  5:00  Pylon  
  56  5:01  Resonating Glaives  
  60  5:13  Gateway  
  60  5:14  Adept x2  
  60  5:15  Gateway  
  60  5:20  Gateway  
  64  5:22  Gateway  
  64  5:34  Pylon  
  64  5:52  Gateway  
  64  5:53  Gateway  
  64  5:55  Pylon  
  64  5:57  Adept x4  
  72  6:18  Adept x5  
  72  6:19  Adept  
  72  6:20  Adept x2  
  88  6:39  Pylon  
  88  6:42  Adept x3, Stalker, Pylon  
  88  6:43  Adept  
  98  7:20  Oracle  
  101  7:30  Pylon  
  101  7:32  Pylon  
  101  7:33  Pylon  
  101  7:51  Stalker x4  
  101  7:52  Stalker x4  
  117  8:18  Stalker x4  
  117  8:19  Stalker x4  
Tags
 
Add a new tag
Caveats
  • Supply blocks, unpowered buildings, or Contaminate may cause inaccurate times.
  • Supply counts are checked every 10 seconds.